 Dungeon Crawl Stone Soup version 0.18.1-48-g4cf74bf (webtiles) character file.

3022 tyranidshit the Fighter (level 9, -3/90 HPs)
             Began as a Deep Dwarf Necromancer on July 10, 2016.
             Was a Priest of Makhleb.
             Slain by a gnoll sergeant
             ... wielding a +0 glaive
              (8 damage)
             ... in a bailey.
             The game lasted 00:42:41 (5688 turns).

tyranidshit the Fighter (Deep Dwarf Necromancer)    Turns: 5688, Time: 00:42:43

Health: -3/90      AC: 12    Str: 12    XL:     9   Next: 55%
Magic:  11/17      EV:  6    Int: 19    God:    Makhleb [***...]
Gold:   285        SH:  0    Dex: 13    Spells: 2 memorised, 20 levels left

rFire  . . .     SeeInvis .     m - +0 war axe (protect)
rCold  . . .     Gourm    .     y - +3 leather armour
rNeg   . . .     Faith    .     (no shield)
rPois  .         Spirit   .     (no helmet)
rElec  .         Dismiss  .     (no cloak)
rCorr  .         Reflect  .     (no gloves)
SustAt .         Harm     .     (no boots)
MR     ++...                    (no amulet)
Stlth  ++........               (no ring)
                                (no ring)

@: held, non-regenerating, very resistant to hostile enchantments, unstealthy
A: damage resistance, recharge devices, molten scales 1, magic resistance 1,
mutation resistance 1, sense surroundings 2, slow regeneration 3
a: Device Recharging, Minor Destruction, Lesser Servant of Makhleb, Renounce
Religion


You were in a bailey.
You worshipped Makhleb.
Makhleb was most pleased with you.
You were not hungry.

You visited 2 branches of the dungeon, and saw 9 of its levels.
You also visited: Bailey.

You collected 285 gold pieces.

Inventory:

Hand Weapons
 m - a +0 war axe of protection (weapon)
 F - a +3 halberd
Armour
 a - a +1 robe
 f - a +0 ring mail
 q - a +0 robe of fire resistance
 y - a +3 leather armour (worn)
Magical Staves
 D - an uncursed staff of fire
Jewellery
 e - an uncursed amulet of dismissal
 u - an uncursed ring of protection from fire
Wands
 c - a wand of heal wounds (3/9)
 A - a wand of disintegration (7/24)
 C - a wand of polymorph (15/24)
Scrolls
 k - 3 scrolls of identify
 t - 2 scrolls of amnesia
 w - a scroll of enchant armour
 x - a scroll of random uselessness
Potions
 g - 2 potions of invisibility
 l - a potion of resistance
 p - a potion of might {unknown}
 r - 3 potions of curing
 s - a potion of brilliance
 v - a potion of flight {unknown}
 z - a potion of cure mutation
 E - 6 potions of degeneration
Books
 b - a book of Necromancy

   Spells                             Type                      Level
   a - Pain                           Necromancy                   1
   b - Animate Skeleton               Necromancy                   1
   c - Vampiric Draining              Necromancy                   3
   d - Regeneration                   Charms/Necromancy            3
   e - Animate Dead                   Necromancy                   4
   f - Control Undead                 Necromancy                   4
 i - a book of Unlife

   Spells                             Type                      Level
   a - Recall                         Summoning/Translocation      3
   b - Animate Dead                   Necromancy                   4
   c - Control Undead                 Necromancy                   4
   d - Cigotuvi's Embrace             Necromancy                   5
   e - Death Channel                  Necromancy                   6
   f - Simulacrum                     Ice/Necromancy               6
Comestibles
 o - 3 meat rations
 B - a beef jerky


   Skills:
 + Level 8.7 Fighting
 - Level 2.1 Dodging
 - Level 2.4 Stealth
 + Level 8.1 Spellcasting
 - Level 4.3 Necromancy


You had 20 spell levels left.
You knew the following spells:

 Your Spells              Type           Power        Failure   Level  Hunger
a - Pain                  Necr           ###.         1%          1    None
b - Vampiric Draining     Necr           ###.......   8%          3    None


Dungeon Overview and Level Annotations

Branches:
Dungeon (8/15)             Temple (1/1) D:4
   Lair: D:8-11

Altars:
Ashenzari
Cheibriados
Dithmenos
Elyvilon
Gozag
Kikubaaqudgha
Makhleb
Nemelex Xobeh
Pakellas
Qazlal
Trog
Xom
Yredelemnul
Zin
The Shining One

Annotations:
D:4 Rationalist's ghost, amateur FoFi


Innate Abilities, Weirdness & Mutations

You are resistant to damage.
You can recharge devices by infusing magical energy.
You passively map the area around you.
You do not regenerate naturally.
You are partially covered in molten scales (AC +1).
You are resistant to hostile enchantments.
You are somewhat resistant to further mutation.


Message History

Makhleb accepts your kill.
You feel better.
This wand has 7 charges left.
The gnoll sergeant hits you but does no damage.
The gnoll hits you from afar with a halberd!
* * * LOW HITPOINT WARNING * * *
The gnoll hits you from afar with a spear.
* * * LOW HITPOINT WARNING * * *
You fail to use your ability.
The gnoll closely misses you.
The gnoll sergeant hits you from afar with a glaive.
The gnoll hits you from afar with a halberd!
* * * LOW HITPOINT WARNING * * *
Unknown command.
Charge which item? (? for menu, Esc to quit)
Your wand of heal wounds (0/9) glows for a moment and now has 3 charges.
The gnoll hits you from afar with a spear!
* * * LOW HITPOINT WARNING * * *
The gnoll hits you from afar with a spear.
* * * LOW HITPOINT WARNING * * *
The gnoll sergeant hits you from afar with a glaive!
You die... ,,, ##...## , * ##.....## , ≈ ,#.......# , * ≈ , #..$8$..# * ≈♣ ♣≈ , #.......# ,*≈♣ ♣≈ #.ggg.# ≈♣ ♣≈ ,, #ggg#

, , ≈♣ ♣≈ , ##'## ,,
≈♣ ♣≈ #.@%# ,, ≈♣
♣≈##* #...#+ * ##≈♣
♣≈.#, , #...# #.≈♣
♣≈.######'''######.≈♣
♣≈.................≈♣
♣≈≈......)).......≈≈♣
♣♣≈≈≈≈≈≈≈)..≈≈≈≈≈≈≈♣♣
♣♣...............♣♣
♣♣♣...........♣♣♣


You could see a gnoll sergeant, a gnoll shaman and 4 gnolls.

Vanquished Creatures
  2 wyverns
  Sigmund (D:6)
  A hippogriff (D:7)
  An orc warrior (D:7)
  2 sky beasts
  3 ogres
  A phantom (D:6)
  A centaur (D:5)
  8 giant frogs
  A gnoll sergeant (Bailey)
  2 scorpions (D:8)
  A jelly (D:5)
  2 crimson imps
  2 giant frog skeletons
  4 orc priests
  2 hounds (Bailey)
  2 iguanas
  6 worker ants
  10 orc wizards
  A hound skeleton (D:8)
  A hound zombie (D:6)
  A worker ant zombie (D:5)
  4 gnolls
  8 adders
  2 shadow imps (D:7)
  2 adder zombies
  An adder skeleton (D:4)
  A worm (D:2)
  8 dart slugs
  2 giant geckos
  26 orcs
  11 bats
  A giant cockroach (D:1)
  11 goblins
  6 hobgoblins
  5 jackals
  10 kobolds
  3 quokkas
  A giant cockroach zombie (D:5)
  A giant newt (D:1)
  A jackal skeleton (D:7)
  9 rats
168 creatures vanquished.

Vanquished Creatures (others)
  A quokka (D:7)
1 creature vanquished.

Grand Total: 169 creatures vanquished

Notes
Turn   | Place    | Note
--------------------------------------------------------------
     0 | D:1      | tyranidshit the Deep Dwarf Necromancer began the quest for the Orb.
     0 | D:1      | Reached XP level 1. HP: 15/15 MP: 3/3
   291 | D:1      | Reached skill level 1 in Fighting
   298 | D:1      | Reached XP level 2. HP: 25/25 MP: 0/5
   994 | D:2      | Reached XP level 3. HP: 25/32 MP: 0/6
  1215 | D:2      | Learned a level 3 spell: Vampiric Draining
  1228 | D:2      | Found a stormy altar of Qazlal.
  1408 | D:2      | Reached XP level 4. HP: 33/40 MP: 2/8
  2338 | D:3      | Found an opulent altar of Gozag.
  2628 | D:4      | Noticed a phantom
  2792 | D:4      | Reached XP level 5. HP: 36/48 MP: 2/9
  2822 | D:4      | Found a staircase to the Ecumenical Temple.
  2828 | Temple   | Entered the Ecumenical Temple
  2868 | Temple   | Became a worshipper of Makhleb the Destroyer
  3068 | D:4      | Noticed Rationalist's ghost (amateur FoFi)
  3128 | D:5      | Entered Level 5 of the Dungeon
  3128 | D:5      | Noticed an ogre
  3139 | D:5      | Killed an ogre
  3139 | D:5      | Reached XP level 6. HP: 40/57 MP: 1/12
  3183 | D:5      | Found a sparkling altar of Nemelex Xobeh.
  3316 | D:5      | Found an ancient bone altar of Kikubaaqudgha.
  3618 | D:5      | Gained mutation: You are partially covered in molten scales (AC +1). [potion of mutation]
  3618 | D:5      | Gained mutation: You are resistant to hostile enchantments. [potion of mutation]
  3618 | D:5      | Gained mutation: You are somewhat resistant to further mutation. [potion of mutation]
  3665 | D:6      | Reached * piety under Makhleb
  3669 | D:6      | Reached XP level 7. HP: 42/66 MP: 0/14
  3805 | D:6      | Reached skill level 5 in Spellcasting
  3988 | D:6      | Reached skill level 5 in Fighting
  4111 | D:7      | Noticed a hippogriff
  4125 | D:7      | Killed a hippogriff
  4125 | D:7      | Reached XP level 8. HP: 7/76 MP: 0/16
  4301 | D:6      | Reached ** piety under Makhleb
  4422 | D:6      | Noticed Sigmund
  4438 | D:6      | Killed Sigmund
  4461 | D:7      | HP: 3/78 [electric eel/bolt of electricity (7)]
  4623 | D:7      | Found a shimmering altar of Xom.
  4870 | D:7      | Gained mutation: You passively map the area around you. [Deep Dwarf growth]
  4870 | D:7      | Reached XP level 9. HP: 35/87 MP: 0/16
  4927 | D:7      | Found a white marble altar of Elyvilon.
  5288 | D:8      | Reached *** piety under Makhleb
  5551 | D:8      | Found a flagged portal.
  5597 | Bailey   | Entered a bailey
  5618 | Bailey   | HP: 2/90 [gnoll/enchanted halberd (13)]
  5688 | Bailey   | Slain by a gnoll sergeant

Skill      XL: |  1  2  3  4  5  6  7  8  9 |
---------------+----------------------------+-----
Fighting       | 1 2 3 4 5 7 8 |  8.7
Spellcasting   | 2 3 4 5 7 8 |  8.1
Dodging        | |  2.1
Stealth        | |  2.4
Necromancy     | |  4.3

Action                   |  1- 3 |  4- 6 |  7- 9 || total
-------------------------+-------+-------+-------++-------
Melee: Unarmed           |     1 |       |       ||     1
       Mace              |    20 |       |       ||    20
       Dagger            |     7 |    14 |    13 ||    34
       War axe           |       |   113 |   322 ||   435
 Cast: Pain              |    53 |    30 |    10 ||    93
       Vampiric Draining |     2 |    34 |    67 ||   103
 Abil: Device Recharging |       |       |     4 ||     4
Evoke: Wand              |       |     5 |    15 ||    20
  Use: Scroll            |     5 |     3 |     5 ||    13
       Potion            |     4 |     6 |       ||    10
 Stab: Sleeping          |       |     2 |     1 ||     3
  Eat: Bread ration      |     1 |     2 |       ||     3
       Pizza             |       |     2 |       ||     2
       Beef jerky        |       |     1 |       ||     1
       Meat ration       |       |       |     2 ||     2
Armor: Robe              |    23 |    74 |   130 ||   227
       Leather armour    |       |       |   170 ||   170
Dodge: Dodged            |    59 |   150 |   416 ||   625
